[Event "Titled Tuesday Blitz May 9 Late 2023"]
[White "D`Arruda, Ricardo D."]
[Black "Aydincelebi, Kagan"]
[WhiteFideId "100692"]
[BlackFideId "6361102"]
[WhiteElo "2432"]
[BlackElo "2180"]
[Result "0-1"]
[Round "01"]
[TimeControl "180+2"]
[Date "2023.05.09"]
[WhiteClock "0:00:45"]
[BlackClock "0:00:36"]

1. d4 Nf6 2. Nf3 e6 3. c4 c5 4. d5 exd5 5. cxd5 d6 6. Nc3 g6 7. e4 a6 8. a4 Bg4 9. Be2 Bg7 10. h3 Bxf3 11. Bxf3 O-O 12. O-O Nbd7 13. Re1 Rb8 14. Bf4 Ne8 15. Qd2 b5 16. axb5 axb5 17. Bh6 b4 18. Nd1 c4 19. Bxg7 Nxg7 20. Ne3 Ne5 21. Be2 Qh4 22. f3 f5 23. Nxc4 fxe4 24. Nxe5 dxe5 25. fxe4 Qf2+ 26. Kh2 Nh5 27. Qd3 Nf4 28. Qf3 Qd4 29. Rad1 Qxb2 30. d6 Rbd8 31. Bf1 Nxg2 32. Re2 Rxf3 33. Rxb2 Ne3 34. Rbb1 Nxd1 35. Rxd1 b3 36. Bc4+ Kf8 37. Rd5 Rc3 0-1


[Site "https://www.chess.com"]

[Event "Titled Tuesday Blitz May 9 Late 2023"]
[White "Kuznetsov, Felix"]
[Black "Papayan, Oleg"]
[WhiteFideId "34147990"]
[BlackFideId "4193911"]
[WhiteElo "2281"]
[BlackElo "2171"]
[Result "1-0"]
[Round "01"]
[TimeControl "180+2"]
[Date "2023.05.09"]
[WhiteClock "0:00:24"]
[BlackClock "0:00:02"]

1. e4 c5 2. Nc3 e6 3. d4 cxd4 4. Qxd4 Nc6 5. Qd2 Nf6 6. b3 d5 7. exd5 exd5 8. Bb2 Be7 9. O-O-O Be6 10. Nf3 h6 11. Bd3 Qa5 12. Kb1 O-O 13. Rhe1 Rfd8 14. Nb5 Qxd2 15. Rxd2 Ne4 16. Bxe4 dxe4 17. Rxe4 Rxd2 18. Nxd2 Rd8 19. Bc3 Bf6 20. Nf3 Rd1+ 21. Kb2 Be7 22. Nbd4 Bd5 23. Nxc6 Bxe4 24. Nxe7+ Kf8 25. Nc8 Bxf3 26. gxf3 Rf1 27. Bd4 Rh1 28. Be5 f6 29. Bd6+ Kf7 30. Nxa7 Ke6 31. Bb8 g5 32. a4 f5 33. a5 f4 34. b4 Rxh2 35. b5 Rxf2 36. a6 bxa6 37. bxa6 Rd2 38. Nb5 Rd7 39. Bc7 Rd5 40. a7 1-0


[Site "https://www.chess.com"]

[Event "Titled Tuesday Blitz May 9 Late 2023"]
[White "Villuendas Valero, Adrian"]
[Black "Sieciechowicz, Marcin"]
[WhiteFideId "2262460"]
[BlackFideId "1130170"]
[WhiteElo "2328"]
[BlackElo "2302"]
[Result "0-1"]
[Round "01"]
[TimeControl "180+2"]
[Date "2023.05.09"]
[WhiteClock "0:00:00"]
[BlackClock "0:00:06"]

1. d4 Nf6 2. Bg5 e6 3. Nd2 d5 4. e3 h6 5. Bh4 Be7 6. Bd3 b6 7. f4 Bb7 8. Qf3 c5 9. c3 Nc6 10. Nh3 Qc7 11. Nf2 Rg8 12. g4 g5 13. fxg5 hxg5 14. Bg3 Qd7 15. O-O-O O-O-O 16. dxc5 bxc5 17. Qe2 Bd6 18. e4 Bxg3 19. hxg3 Qc7 20. exd5 exd5 21. Qf3 Nd7 22. Rh7 Kb8 23. Bf5 Nde5 24. Qe2 d4 25. Nfe4 dxc3 26. Nxc3 Nd4 27. Qf1 Qb6 28. Nc4 Nxc4 29. Qxc4 Nxf5 30. gxf5 Rxd1+ 31. Nxd1 Rd8 32. Nc3 f6 33. Qf7 Bf3 34. Qe7 Rc8 35. a3 Ba8 36. Rf7 c4 37. Qe6 Qg1+ 38. Nd1 Qxg3 39. Qxf6 Qf4+ 40. Kc2 Be4+ 41. Kc3 Qf3+ 42. Kd4 Qxd1+ 43. Kxe4 Re8+ 0-1


[Site "https://www.chess.com"]

[Event "Titled Tuesday Blitz May 9 Late 2023"]
[White "Bilych, Olexiy"]
[Black "Urbina Perez, Juan Antonio"]
[WhiteFideId "14156504"]
[BlackFideId "2217368"]
[WhiteElo "2320"]
[BlackElo "2197"]
[Result "1/2-1/2"]
[Round "01"]
[TimeControl "180+2"]
[Date "2023.05.09"]
[WhiteClock "0:00:08"]
[BlackClock "0:00:43"]

1. d4 d5 2. c4 c6 3. Nf3 Nf6 4. Nc3 a6 5. c5 Bf5 6. Qb3 Qc8 7. Bf4 e6 8. e3 Be7 9. h3 O-O 10. Be2 Re8 11. O-O Bd8 12. Na4 Nbd7 13. Nh4 Bg6 14. Nxg6 hxg6 15. Bh2 Bc7 16. f4 Ne4 17. Qc2 Qd8 18. Nc3 f5 19. Nxe4 dxe4 20. Bg3 Nf6 21. Bh4 Qd7 22. Bxf6 gxf6 23. Bc4 Kg7 24. b4 Rad8 25. a4 e5 26. fxe5 fxe5 27. Rad1 exd4 28. Rxd4 Qe7 29. Rfd1 Be5 30. Rxd8 Rxd8 31. Be2 Rxd1+ 32. Qxd1 a5 33. Qd2 axb4 34. Qxb4 Qd7 35. Kf2 Bf6 36. g3 f4 37. exf4 Qd4+ 38. Qxd4 Bxd4+ 39. Ke1 Bxc5 40. Bc4 Kf6 41. Ke2 Bd4 42. Bb3 b5 43. axb5 cxb5 44. g4 g5 45. Bc2 gxf4 46. Bxe4 Kg5 47. Kf3 Be5 48. Bc6 b4 49. Bd5 Bd6 50. Bb3 Kh4 51. Kg2 Be5 52. Bd5 Bd6 53. Bb3 Be5 54. Bd5 Bd6 55. Bb3 1/2-1/2


[Site "https://www.chess.com"]

[Event "Titled Tuesday Blitz May 9 Late 2023"]
[White "ElenGajger"]
[Black "Grigorov, Grigor"]
[BlackFideId "2907313"]
[WhiteElo "2421"]
[BlackElo "2510"]
[Result "0-1"]
[Round "01"]
[TimeControl "180+2"]
[Date "2023.05.09"]
[WhiteClock "0:01:14"]
[BlackClock "0:02:00"]

1. e4 c6 2. d4 d5 3. Nd2 dxe4 4. Nxe4 Nf6 5. Nxf6+ exf6 6. Nf3 Bd6 7. Be2 O-O 8. O-O Re8 9. h3 Nd7 10. c4 Nf8 11. Re1 Ng6 12. c5 Bc7 13. a4 Be6 14. Be3 Qd7 15. Bf1 a5 16. Qd2 Bd5 17. Be2 Re7 18. b4 axb4 19. Qxb4 Ba5 20. Qb2 Bxe1 21. Nxe1 Rae8 22. Bg4 f5 23. Bf3 f4 24. Bd2 Nh4 25. Bxd5 Qxd5 26. f3 Re2 27. Qc3 Nxg2 28. Nxg2 Qg5 0-1


[Site "https://www.chess.com"]

[Event "Titled Tuesday Blitz May 9 Late 2023"]
[White "Santos Ruiz, Miguel"]
[Black "merinasian"]
[WhiteFideId "22291482"]
[WhiteElo "2499"]
[BlackElo "2418"]
[Result "0-1"]
[Round "01"]
[TimeControl "180+2"]
[Date "2023.05.09"]
[WhiteClock "0:01:58"]
[BlackClock "0:02:23"]

1. e4 c5 2. Nf3 Nc6 3. d4 cxd4 4. Nxd4 e5 5. Nb5 a6 6. Nd6+ Bxd6 7. Qxd6 Qf6 8. Qd2 Qg6 9. f3 Nge7 10. Nc3 O-O 11. b3 d5 12. Nxd5 Nxd5 13. exd5 Nd4 14. Bd3 Bf5 15. Bxf5 Qxf5 16. Ba3 Nxc2+ 17. Kf2 Nxa3 18. Rac1 Nb5 0-1


[Site "https://www.chess.com"]

[Event "Titled Tuesday Blitz May 9 Late 2023"]
[White "Colpe, Malte"]
[Black "Holt, Conrad"]
[WhiteFideId "24623075"]
[BlackFideId "2034387"]
[WhiteElo "2289"]
[BlackElo "2592"]
[Result "0-1"]
[Round "01"]
[TimeControl "180+2"]
[Date "2023.05.09"]
[WhiteClock "0:01:25"]
[BlackClock "0:01:20"]

1. c4 c6 2. Nf3 d5 3. e3 Nf6 4. b3 Bg4 5. Be2 e6 6. Bb2 Bd6 7. Nc3 Nbd7 8. d4 O-O 9. O-O Bb8 10. cxd5 exd5 11. b4 Qc7 12. g3 Re8 13. b5 Nb6 14. bxc6 bxc6 15. Ne5 Bxe2 16. Qxe2 Qb7 17. f4 Bd6 18. Rab1 Bb4 19. a4 Bxc3 20. Bxc3 Ne4 21. Be1 f6 22. Nd3 Qa6 23. a5 Nc4 24. Nb2 Rab8 25. Nxc4 Rxb1 0-1


[Site "https://www.chess.com"]

[Event "Titled Tuesday Blitz May 9 Late 2023"]
[White "Boruchovsky, Avital"]
[Black "Dzida, Kamil"]
[WhiteFideId "2800055"]
[BlackFideId "21828652"]
[WhiteElo "2450"]
[BlackElo "2139"]
[Result "1-0"]
[Round "01"]
[TimeControl "180+2"]
[Date "2023.05.09"]
[WhiteClock "0:00:06"]
[BlackClock "0:00:05"]

1. f4 Nf6 2. Nf3 g6 3. g3 Bg7 4. Bg2 O-O 5. O-O d5 6. Ne5 Nbd7 7. d4 Ne4 8. Nd2 Ndf6 9. c4 c6 10. e3 Nxd2 11. Bxd2 dxc4 12. Nxc4 Be6 13. Na5 Qd7 14. Re1 Bf5 15. Qb3 Rab8 16. Nc4 Be4 17. Ne5 Qf5 18. Bf1 Bd5 19. Qd3 Ne4 20. Bb4 Rfe8 21. g4 Qe6 22. h3 h5 23. Bg2 Bxe5 24. fxe5 f5 25. gxf5 gxf5 26. Kh2 Kh7 27. Rg1 Rg8 28. Qe2 Qh6 29. Bf3 h4 30. Bxe7 Rg3 31. Bxe4 Bxe4 32. Qf2 Rbg8 33. Bxh4 Rg2+ 34. Rxg2 Rxg2+ 35. Qxg2 Bxg2 36. Bg3 Be4 37. Bf4 Qh5 38. Rg1 Qe2+ 39. Kg3 Qf3+ 40. Kh4 Qf2+ 41. Rg3 Qxb2 42. e6 Qb3 43. e7 Qf7 44. Bd6 Qf6+ 45. Rg5 Qf7 46. Kg3 Kh6 47. Kf4 Kh7 48. h4 Bd5 49. h5 Qe6 50. h6 Qe4+ 51. Kg3 Qf3+ 52. Kh4 Qh1+ 53. Kg3 Qg2+ 54. Kf4 Qe4+ 55. Kg3 Qxe3+ 56. Kh4 Qf4+ 57. Bxf4 1-0


[Site "https://www.chess.com"]

[Event "Titled Tuesday Blitz May 9 Late 2023"]
[White "Chan, Kim Yew"]
[Black "Tanenbaum, Zachary"]
[WhiteFideId "5717981"]
[BlackFideId "2060850"]
[WhiteElo "2206"]
[BlackElo "2175"]
[Result "0-1"]
[Round "01"]
[TimeControl "180+2"]
[Date "2023.05.09"]
[WhiteClock "0:00:10"]
[BlackClock "0:00:08"]

1. d4 d5 2. Nf3 Nf6 3. c4 dxc4 4. e3 Bg4 5. Bxc4 e6 6. h3 Bh5 7. Nc3 Nc6 8. O-O Bd6 9. Qb3 Bxf3 10. gxf3 O-O 11. Qxb7 Na5 12. Qa6 Nxc4 13. Qxc4 Nd5 14. Ne4 Qh4 15. Kg2 f5 16. Nxd6 cxd6 17. Bd2 Rf6 18. Rh1 Qh5 19. Qe2 Rc8 20. Rac1 Rg6+ 21. Kf1 Rxc1+ 22. Bxc1 Qg5 23. Ke1 Qg2 24. Rf1 Qxh3 25. f4 Qh4 26. Qb5 Qd8 27. Bd2 h6 28. Ke2 Qc8 29. Rc1 Qd8 30. Qb7 Qh4 31. Rc8+ Kh7 32. Qf7 Rg2 33. Qg8+ Kg6 34. Qxe6+ Nf6 35. Be1 Qg4+ 36. Kd2 Qf3 37. Rc7 h5 38. Qf7+ Kh6 39. Qe6 h4 40. Qxf5 Ne4+ 41. Kd3 Nxf2+ 42. Bxf2 Qxf2 43. Qe6+ g6 44. Qg8 Qe2+ 45. Ke4 d5+ 46. Qxd5 Rg3 47. Qc6 Qxe3+ 48. Kd5 Qf3+ 49. Kd6 Qxf4+ 50. Kd7 Qxd4+ 51. Kc8 Qg4+ 52. Kb8 h3 53. Rc8 Rg2 54. Rh8+ Kg5 55. Qc5+ Qf5 56. Qe3+ Qf4+ 57. Qxf4+ Kxf4 58. Rxh3 Rxb2+ 59. Kxa7 Rxa2+ 60. Kb6 g5 61. Rh1 g4 0-1


[Site "https://www.chess.com"]

[Event "Titled Tuesday Blitz May 9 Late 2023"]
[White "Milikow, Yoav"]
[Black "Tworuszka, Michal"]
[WhiteFideId "2822237"]
[BlackFideId "1117858"]
[WhiteElo "2410"]
[BlackElo "2417"]
[Result "1-0"]
[Round "01"]
[TimeControl "180+2"]
[Date "2023.05.09"]
[WhiteClock "0:01:27"]
[BlackClock "0:00:00"]

1. d4 Nf6 2. c4 e6 3. Nc3 Bb4 4. Qc2 d5 5. a3 Bxc3+ 6. Qxc3 dxc4 7. Qxc4 b6 8. Nf3 Ba6 9. Qa4+ Qd7 10. Qc2 O-O 11. Bg5 c5 12. dxc5 Rc8 13. Bxf6 gxf6 14. Rd1 Qc6 15. Qc3 Nd7 16. h4 bxc5 17. h5 Rab8 18. h6 Rb7 19. Rxd7 Rxd7 20. Qxf6 Kf8 21. Ne5 Qd5 22. Qg7+ Ke7 23. Qxf7+ Kd8 24. Qxd7+ Qxd7 25. Nxd7 Kxd7 26. Kd2 Rb8 27. Kc2 Rf8 28. f3 Ke7 29. e4 Bxf1 30. Rxf1 Rg8 31. g4 e5 32. Kd3 Rb8 33. Kc3 Kf6 34. Rh1 Kg5 35. Rh5+ Kf4 36. Rf5+ Ke3 37. g5 1-0


[Site "https://www.chess.com"]

[Event "Titled Tuesday Blitz May 9 Late 2023"]
[White "Olsson, William"]
[Black "Krzyzanowski, Marcin"]
[WhiteFideId "1741721"]
[BlackFideId "1132199"]
[WhiteElo "2197"]
[BlackElo "2471"]
[Result "0-1"]
[Round "01"]
[TimeControl "180+2"]
[Date "2023.05.09"]
[WhiteClock "0:00:07"]
[BlackClock "0:01:53"]

1. c4 e5 2. g3 Nf6 3. Bg2 d5 4. cxd5 Nxd5 5. Nf3 Nc6 6. O-O Nb6 7. b3 Be7 8. Bb2 Bf6 9. Nc3 O-O 10. Ne4 Bf5 11. Nxf6+ Qxf6 12. d4 e4 13. Nd2 Rfe8 14. e3 Nd5 15. a3 Qg6 16. Qc2 h5 17. b4 a6 18. Rac1 h4 19. Qb3 Rad8 20. Rc5 Nce7 21. Nc4 b6 22. Ne5 Qh5 23. Rc2 Rd6 24. Rd2 Rh6 25. Qd1 Qg5 26. g4 h3 27. Bh1 f6 28. f4 exf3 0-1


[Site "https://www.chess.com"]

[Event "Titled Tuesday Blitz May 9 Late 2023"]
[White "Balla, Tamas-Kristof"]
[Black "Yanchenko, Roman"]
[WhiteFideId "1208497"]
[BlackFideId "4137329"]
[WhiteElo "2334"]
[BlackElo "2491"]
[Result "0-1"]
[Round "01"]
[TimeControl "180+2"]
[Date "2023.05.09"]
[WhiteClock "0:00:13"]
[BlackClock "0:01:00"]

1. d4 d5 2. Nc3 Nf6 3. Bf4 Bf5 4. e3 e6 5. Nb5 Na6 6. Bd3 c6 7. Nc3 Qa5 8. Bxf5 exf5 9. Ne2 Be7 10. O-O O-O 11. a3 Qd8 12. Qd3 g6 13. f3 Nc7 14. e4 dxe4 15. fxe4 fxe4 16. Nxe4 Nxe4 17. Qxe4 Ne6 18. Bh6 Re8 19. Qf3 f5 20. Rad1 Qd5 21. Qd3 Rad8 22. c4 Qd7 23. Qb3 Bg5 24. Bxg5 Nxg5 25. d5 Rxe2 26. dxc6 Qc7 27. Rxd8+ Qxd8 28. cxb7 Re8 29. c5+ Kg7 30. Qc3+ Kh6 31. c6 Qb6+ 32. Kh1 Ne4 33. Qc1+ Kg7 34. g3 Re6 35. c7 Qxb7 36. c8=Q Nf2+ 37. Kg1 Qh1+ 38. Kxf2 Qxh2+ 39. Kf3 Qe2+ 40. Kf4 Qg4# 0-1


[Site "https://www.chess.com"]

[Event "Titled Tuesday Blitz May 9 Late 2023"]
[White "Bordi, Kevin"]
[Black "Komov, Roman"]
[WhiteFideId "621862"]
[BlackFideId "24175714"]
[WhiteElo "2740"]
[BlackElo "2189"]
[Result "1-0"]
[Round "01"]
[TimeControl "180+2"]
[Date "2023.05.09"]
[WhiteClock "0:01:32"]
[BlackClock "0:00:42"]

1. d4 Nf6 2. Bg5 d5 3. Nd2 Bf5 4. e3 e6 5. Ngf3 Nbd7 6. c4 c6 7. Qb3 Qb6 8. c5 Qxb3 9. axb3 a6 10. b4 O-O-O 11. Nb3 h6 12. Bf4 Nh5 13. Rxa6 Nxf4 14. Ra8+ Nb8 15. exf4 f6 16. Kd2 Be7 17. Bd3 Bg4 18. Nh4 Bh5 19. Bg6 f5 20. Bxh5 Bxh4 21. g3 Bf6 22. Re1 Kd7 23. Bf7 Na6 24. Bxe6+ Kc7 25. Rxd8 Rxd8 26. Kc3 Re8 27. Re3 g6 28. Bf7 Rxe3+ 29. fxe3 g5 30. Be6 gxf4 31. exf4 Kd8 32. Bxf5 Nc7 33. Nc1 Nb5+ 34. Kd2 Nxd4 35. Bg4 Nb5 36. Nd3 Bd4 37. Bd1 Bg1 38. h4 d4 39. g4 Be3+ 40. Ke2 Nc7 41. Bb3 Ke7 42. g5 hxg5 43. fxg5 Ne8 44. Kf3 Ng7 45. Kg4 Ne6 46. Bxe6 Kxe6 47. h5 Kd5 48. h6 Ke4 49. h7 Kxd3 50. h8=Q Ke2 51. Qh2+ Bf2 52. Qe5+ Be3 53. g6 d3 54. g7 d2 55. Qd6 Bf4 56. Kxf4 1-0


[Site "https://www.chess.com"]

[Event "Titled Tuesday Blitz May 9 Late 2023"]
[White "Rorrer, Grayson"]
[Black "ArchibaldCerveza29"]
[WhiteFideId "30944996"]
[WhiteElo "2200"]
[BlackElo "2414"]
[Result "1-0"]
[Round "01"]
[TimeControl "180+2"]
[Date "2023.05.09"]
[WhiteClock "0:00:41"]
[BlackClock "0:00:42"]

1. d4 d5 2. Nc3 Nf6 3. Bf4 c5 4. e3 e6 5. Nb5 Na6 6. a4 Be7 7. Nf3 O-O 8. Be2 Nh5 9. Be5 f6 10. Bg3 Nxg3 11. hxg3 Nc7 12. Bd3 g6 13. Nh4 Nxb5 14. Nxg6 Nd6 15. Qg4 Kf7 16. Rxh7+ Ke8 17. Nxf8 Qa5+ 18. Kf1 Bxf8 19. Qg6+ Kd8 20. Qxf6+ Ke8 21. Bg6+ Nf7 22. Qxf7+ Kd8 23. Qe8# 1-0


[Site "https://www.chess.com"]

[Event "Titled Tuesday Blitz May 9 Late 2023"]
[White "Pein, Jonathan"]
[Black "Klukin, Kirill"]
[WhiteFideId "417092"]
[BlackFideId "24199273"]
[WhiteElo "2151"]
[BlackElo "2344"]
[Result "1-0"]
[Round "01"]
[TimeControl "180+2"]
[Date "2023.05.09"]
[WhiteClock "0:00:07"]
[BlackClock "0:00:03"]

1. e4 c5 2. g3 Nc6 3. Bg2 e6 4. Ne2 Be7 5. O-O Nf6 6. c3 O-O 7. d4 cxd4 8. cxd4 d6 9. Nbc3 Rb8 10. h3 Nd7 11. Be3 b5 12. b3 a6 13. Rc1 Bb7 14. Qd2 Rc8 15. g4 Nb6 16. Ng3 b4 17. Nce2 a5 18. d5 exd5 19. exd5 Ne5 20. f4 Ng6 21. Nf5 Re8 22. Qd4 Bf8 23. Neg3 Nd7 24. Nh5 f6 25. g5 Rxc1 26. Rxc1 Ba8 27. h4 h6 28. gxh6 gxh6 29. Rc2 Kf7 30. Bf3 Nc5 31. Rg2 Qd7 32. Bg4 Be7 33. Nxh6+ Kf8 34. Bxd7 Nxd7 35. Rxg6 Bd8 36. Nxf6 Rxe3 37. Qxe3 Nxf6 38. Qe6 Bxd5 39. Rxf6+ Bxf6 40. Qxf6+ Ke8 41. Qxd6 Bb7 42. Qe5+ Kd8 43. f5 Kc8 44. f6 1-0


[Site "https://www.chess.com"]

[Event "Titled Tuesday Blitz May 9 Late 2023"]
[White "Vakhlamov, Igor L."]
[Black "Mazurkiewicz, Michal"]
[WhiteFideId "24126748"]
[BlackFideId "1124943"]
[WhiteElo "2407"]
[BlackElo "2054"]
[Result "0-1"]
[Round "01"]
[TimeControl "180+2"]
[Date "2023.05.09"]
[WhiteClock "0:00:16"]
[BlackClock "0:00:09"]

1. e4 d6 2. d4 Nf6 3. Nc3 c6 4. Nf3 Bg4 5. h3 Bh5 6. g4 Bg6 7. Qe2 e6 8. h4 h5 9. g5 Nfd7 10. d5 cxd5 11. exd5 e5 12. Bh3 Be7 13. Ne4 O-O 14. Bd2 Na6 15. Ng3 Rc8 16. c4 Nac5 17. Bf5 a5 18. O-O Nb6 19. Bxa5 Ra8 20. b4 Nca4 21. Rac1 Qe8 22. Qe4 Bxf5 23. Nxf5 g6 24. Ne3 f5 25. gxf6 Rxf6 26. Ng2 Nd7 27. Ng5 b6 28. Qc2 Nf8 29. Bxb6 Nxb6 30. c5 Nc8 31. Rfd1 Rf5 32. Ne4 Qa4 33. Qd3 Qxb4 34. Rb1 Qa3 35. Rb3 Qxa2 36. Rb7 dxc5 37. Qb5 Nd6 38. Nxd6 Qxf2+ 39. Kh1 Bxd6 40. Rb6 Ra2 41. Rg1 Rf3 42. Kh2 Qg3+ 43. Kh1 Qh3# 0-1


[Site "https://www.chess.com"]

[Event "Titled Tuesday Blitz May 9 Late 2023"]
[White "KVAIDAN"]
[Black "Gorshtein, Ido"]
[BlackFideId "2815532"]
[WhiteElo "2401"]
[BlackElo "2415"]
[Result "0-1"]
[Round "01"]
[TimeControl "180+2"]
[Date "2023.05.09"]
[WhiteClock "0:01:40"]
[BlackClock "0:00:57"]

1. f4 Nf6 2. Nf3 d6 3. e3 g6 4. d3 Bg7 5. Be2 O-O 6. O-O b6 7. Nc3 Bb7 8. e4 Nbd7 9. Qe1 e5 10. Qh4 a6 11. f5 d5 12. Bg5 dxe4 13. Nxe4 Bxe4 14. dxe4 Qe7 15. Rad1 Qc5+ 16. Kh1 Qxc2 17. Rd2 Qc6 18. Rfd1 Rfe8 19. fxg6 hxg6 20. b3 Nc5 21. Bc4 Ncxe4 22. Bxf6 Nxf6 23. Ng5 Rf8 24. Bd5 Qe8 25. Bxa8 Qxa8 26. Rf2 Nh5 27. Rd7 Qc6 28. Rfd2 Bf6 29. Qg4 Bxg5 30. h4 Bxd2 31. Rxd2 Nf4 32. Kh2 Qf6 33. Rf2 Qe6 34. Qg5 Re8 35. g3 Nh5 36. g4 Ng7 37. h5 e4 38. h6 e3 39. Re2 Qd6+ 40. Kh3 Ne6 41. Qxe3 Nf4+ 42. Qxf4 Qxf4 43. Rxe8+ Kh7 0-1


[Site "https://www.chess.com"]

[Event "Titled Tuesday Blitz May 9 Late 2023"]
[White "Bryakin, Mikhail"]
[Black "Kujawski, Adam"]
[WhiteFideId "4165314"]
[BlackFideId "1100920"]
[WhiteElo "2467"]
[BlackElo "2054"]
[Result "1-0"]
[Round "01"]
[TimeControl "180+2"]
[Date "2023.05.09"]
[WhiteClock "0:01:38"]
[BlackClock "0:00:03"]

1. e4 e5 2. d4 exd4 3. Qxd4 Nc6 4. Qd3 g6 5. Nc3 Bg7 6. Bf4 Nge7 7. O-O-O O-O 8. Nf3 d6 9. Kb1 f5 10. e5 Be6 11. exd6 cxd6 12. Qxd6 Qxd6 13. Rxd6 Bxc3 14. Rxe6 Nd5 15. Bc4 Nxf4 16. Rxc6+ Kh8 17. Rc7 Rac8 18. Rxc8 Rxc8 19. Bb3 Bf6 20. g3 Nh5 21. Re1 Ng7 22. Bf7 Rc7 23. Bd5 b6 24. c4 Re7 25. Rxe7 Bxe7 26. Ne5 Ne8 27. f4 Kg7 28. Nc6 Bc5 29. Nxa7 Bg1 30. Nc8 Bxh2 31. Nxb6 Bxg3 32. a4 Bxf4 33. a5 Bb8 34. a6 Ba7 35. Nc8 Be3 36. a7 Nc7 37. a8=Q Nxa8 38. Bxa8 g5 39. Nd6 Kf6 40. b4 g4 41. c5 h5 42. c6 Bb6 43. c7 Bxc7 44. Ne8+ Kg5 45. Nxc7 f4 46. b5 f3 47. b6 f2 48. Bg2 h4 49. b7 h3 50. Ne6+ Kh6 51. b8=Q hxg2 52. Qh2+ 1-0


[Site "https://www.chess.com"]

[Event "Titled Tuesday Blitz May 9 Late 2023"]
[White "Gasparyan, David"]
[Black "Goltsev, Dmitry"]
[WhiteFideId "13311980"]
[BlackFideId "24176710"]
[WhiteElo "2396"]
[BlackElo "2356"]
[Result "1-0"]
[Round "01"]
[TimeControl "180+2"]
[Date "2023.05.09"]
[WhiteClock "0:00:12"]
[BlackClock "0:00:10"]

1. e4 e6 2. d4 d5 3. Nd2 c5 4. Ngf3 Nf6 5. Bb5+ Nc6 6. exd5 exd5 7. O-O Be7 8. Re1 O-O 9. Bxc6 bxc6 10. Ne5 Bb7 11. Nb3 cxd4 12. Qxd4 Ne4 13. Bf4 Bf6 14. Nc5 Nxc5 15. Qxc5 Qc8 16. c4 Rd8 17. Rad1 Qf5 18. Bg3 Rac8 19. Qa5 dxc4 20. Rxd8+ Rxd8 21. Nxc4 Qxa5 22. Nxa5 Ba8 23. Nc4 h6 24. Be5 Be7 25. h3 Bb7 26. a3 Ba6 27. Na5 Bb5 28. Bxg7 Bxa3 29. Bf6 Bb4 30. Bxd8 Bxe1 31. Nb7 Bb4 32. Ba5 Bf8 33. Bc3 f5 34. f4 Kf7 35. Kf2 Ba6 36. Na5 Bc5+ 37. Kf3 Bb5 38. Nb3 Bd6 39. Bd4 a6 40. Bc5 Ke6 41. Nd4+ Kd5 42. Bxd6 Kxd4 43. g4 Bd3 44. g5 h5 45. g6 Bc4 46. Be5+ Kd3 47. Kg3 Ke2 48. Kh4 Kf3 49. Kxh5 Kg3 50. h4 Bg8 51. Kg5 a5 52. h5 a4 53. h6 Bd5 54. h7 a3 55. bxa3 Kf3 56. h8=Q Ke4 57. Qh1+ Kd3 58. Qc1 Be4 59. Qc3+ Ke2 60. a4 Bd5 61. a5 c5 62. Qxc5 Be4 63. Qc3 Kd1 64. a6 Ke2 65. a7 Kf1 66. Qd2 Kg1 67. Bd4+ Kh1 68. Qf2 Bg2 69. Qg1# 1-0


[Site "https://www.chess.com"]

[Event "Titled Tuesday Blitz May 9 Late 2023"]
[White "Harshavardhan G B"]
[Black "Fernandez Siles, Luis"]
[WhiteFideId "25059009"]
[BlackFideId "2209420"]
[WhiteElo "2323"]
[BlackElo "2195"]
[Result "1-0"]
[Round "01"]
[TimeControl "180+2"]
[Date "2023.05.09"]
[WhiteClock "0:00:20"]
[BlackClock "0:00:00"]

1. e4 c5 2. Nc3 Nc6 3. g3 g6 4. Bg2 Bg7 5. Nge2 d6 6. O-O Nf6 7. f4 Bg4 8. h3 Bxe2 9. Nxe2 O-O 10. d3 Rb8 11. Be3 Nd7 12. Rb1 Nd4 13. g4 b5 14. Ng3 b4 15. Kh2 e6 16. f5 Ne5 17. Bxd4 cxd4 18. Qd2 Nxg4+ 19. hxg4 Qh4+ 20. Bh3 Be5 21. Qg2 Rbc8 22. Rf2 h5 23. gxh5 gxf5 24. exf5 Kh8 25. Rg1 Rg8 26. Rf3 Rxg3 27. Rxg3 Rg8 28. Qf3 exf5 29. Rg2 Rg4 30. h6 a5 31. a4 Rg6 32. b3 Rg4 33. Kg1 Rxg3 34. Rxg3 Qxg3+ 35. Qxg3 Bxg3 36. Bxf5 Bf4 37. h7 Bd2 38. Kg2 Bc3 39. Kf3 Kg7 40. Ke4 Bd2 41. Kxd4 Bf4 42. Kc4 Be5 43. Kb5 Kh6 44. Kxa5 Kg5 45. Be4 f5 46. Bd5 Kg6 47. Kxb4 Kxh7 48. c3 f4 49. d4 Bf6 50. a5 1-0


[Site "https://www.chess.com"]

[Event "Titled Tuesday Blitz May 9 Late 2023"]
[White "Avalos Parra, Joao"]
[Black "Ashraf, Artin"]
[WhiteFideId "3402541"]
[BlackFideId "22514805"]
[WhiteElo "2173"]
[BlackElo "2188"]
[Result "1-0"]
[Round "01"]
[TimeControl "180+2"]
[Date "2023.05.09"]
[WhiteClock "0:00:31"]
[BlackClock "0:00:03"]

1. d4 Nf6 2. c4 g6 3. Nc3 Bg7 4. e4 O-O 5. Be2 d6 6. Be3 c5 7. d5 e6 8. Nf3 exd5 9. cxd5 b5 10. e5 dxe5 11. Bxc5 Re8 12. Bxb5 e4 13. Nd4 Nbd7 14. Ba3 Ne5 15. O-O Bd7 16. Ba6 Rb8 17. Rc1 Nfg4 18. h3 Qg5 19. Be2 Nd3 20. Bxd3 exd3 21. Nf3 Qh5 22. hxg4 Bxg4 23. Qxd3 Bf5 24. Qc4 Bg4 25. Qf4 Re5 26. Bd6 Rf5 27. Qh2 Bxf3 28. Qxh5 Rxh5 29. Bxb8 Rg5 30. Bg3 Bd4 31. gxf3 Rxg3+ 32. Kh2 Rg5 33. Ne4 Be5+ 34. Kh1 Rh5+ 35. Kg2 Rh2+ 36. Kg1 Rh3 1-0


[Site "https://www.chess.com"]

[Event "Titled Tuesday Blitz May 9 Late 2023"]
[White "Prohaszka, Peter"]
[Black "Abduzhaparov"]
[WhiteFideId "726265"]
[WhiteElo "2626"]
[BlackElo "2383"]
[Result "1-0"]
[Round "01"]
[TimeControl "180+2"]
[Date "2023.05.09"]
[WhiteClock "0:00:16"]
[BlackClock "0:00:02"]

1. d4 d6 2. Nf3 Nf6 3. c4 Nbd7 4. Nc3 e5 5. e4 Be7 6. Be2 O-O 7. Be3 exd4 8. Nxd4 Re8 9. O-O Bf8 10. f3 c6 11. Bf2 a5 12. Qd2 Nc5 13. Rad1 Qc7 14. Bg3 Qb6 15. Kh1 Bd7 16. Rb1 Rad8 17. Rfd1 Bc8 18. b3 g6 19. a3 Bg7 20. b4 axb4 21. axb4 Nh5 22. bxc5 Nxg3+ 23. hxg3 Qxc5 24. g4 d5 25. cxd5 cxd5 26. Nxd5 Be6 27. Rbc1 Qd6 28. Bb5 Rf8 29. Ne2 Bxd5 30. exd5 Qe7 31. g3 Qe5 32. Kg2 f5 33. g5 Rf7 34. Nf4 Qd6 35. Ne6 Ra8 36. Nxg7 Rxg7 37. Rc2 Re7 38. Qf4 Qb6 39. d6 Rg7 40. d7 Rd8 41. Rc8 Re7 42. Qc4+ Kf8 43. Rxd8+ Qxd8 44. Qc8 1-0


[Site "https://www.chess.com"]

[Event "Titled Tuesday Blitz May 9 Late 2023"]
[White "Pasti, Aron"]
[Black "Nazari, Arad"]
[WhiteFideId "785857"]
[BlackFideId "12577324"]
[WhiteElo "2173"]
[BlackElo "2175"]
[Result "0-1"]
[Round "01"]
[TimeControl "180+2"]
[Date "2023.05.09"]
[WhiteClock "0:00:51"]
[BlackClock "0:00:19"]

1. e4 c5 2. Nf3 d6 3. d4 cxd4 4. Nxd4 Nf6 5. Nc3 a6 6. h3 e5 7. Nde2 Be6 8. g4 d5 9. exd5 Nxd5 10. Bg2 Nxc3 11. Qxd8+ Kxd8 12. Nxc3 Nc6 13. Be3 Bb4 14. Bb6+ Ke7 15. O-O Bxc3 16. bxc3 h5 17. Bc5+ Kf6 18. f4 hxg4 19. fxe5+ Kg5 20. Be3+ Kh4 21. Bf2+ Kg5 22. Bg3 gxh3 23. Bf3 Rad8 24. Rf2 Kh6 25. Be4 g5 26. Bf5 Kg7 27. Bxe6 fxe6 28. Rf6 Rh6 29. Raf1 Rxf6 30. Rxf6 Rd2 31. Kh1 Rg2 32. Bh2 g4 33. Rf4 Nxe5 0-1


[Site "https://www.chess.com"]

[Event "Titled Tuesday Blitz May 9 Late 2023"]
[White "Schmakel, Sam"]
[Black "Figorito, Nick"]
[WhiteFideId "2039311"]
[BlackFideId "30923689"]
[WhiteElo "2356"]
[BlackElo "2374"]
[Result "1-0"]
[Round "01"]
[TimeControl "180+2"]
[Date "2023.05.09"]
[WhiteClock "0:02:09"]
[BlackClock "0:01:15"]

1. d4 Nf6 2. c4 g6 3. Nc3 d5 4. Nf3 Bg7 5. Qb3 dxc4 6. Qxc4 O-O 7. e4 a6 8. Be2 b5 9. Qb3 c5 10. dxc5 Bb7 11. e5 Nfd7 12. e6 fxe6 13. Be3 h6 14. Rd1 Qc7 15. Qxe6+ Kh7 16. Qxe7 b4 17. Bxh6 Rg8 18. Ng5+ Kxh6 19. Nf7+ Kh7 20. Qh4+ 1-0


[Site "https://www.chess.com"]